 Adventure DCSS version bcrawl-1.27.3 (webtiles) character file.

Game seed: 2588052978108246332

152911 galech the Covered (level 5, 42/42 HPs)
             Began as a Demonspawn Fighter on Aug 6, 2020.
             Quit the game in an ossuary.
             The game lasted 00:04:00 (2826 turns).

galech the Covered (Demonspawn Fighter)             Turns: 2826, Time: 00:04:01

Health: 42/42      AC: 10    Str: 18    XL:     5   Next: 58%
Magic:  5/5        EV:  5    Int:  9    God:
Gold:   154        SH:  9    Dex: 13    Spells: 4/4 levels left
                                        Lives:  1   Deaths: 1

rFire    . . .     SeeInvis .   a - +0 war axe
rCold    . . .     Gourm    .   c - +0 medium shield
rNeg     . . .     Faith    .   q - +0 chain mail
rPois    .         Spirit   .   l - +0 helmet (curse)
rElec    .         Reflect  .   (no cloak)
rCorr    .         Harm     .   (no gloves)
MR       .....                  (no boots)
Stlth    ..........             f - amulet of magic regeneration
HPRegen  0.14/turn              (no ring)
MPRegen  0.34/turn              (no ring)

@: no status effects
A: hooves 1, sturdy frame 2
a: no special abilities


You were in an ossuary.
You were not hungry.

You visited 1 branch of the dungeon, and saw 4 of its levels.
You also visited: Ossuary.

You collected 154 gold pieces.

Inventory:

Hand Weapons
 a - a +0 war axe (weapon)
Armour
 c - a +0 medium shield (worn)
 l - a cursed +0 helmet (worn)
 q - a +0 chain mail (worn)
Jewellery
 f - an amulet of magic regeneration (around neck)
Scrolls
 k - 2 scrolls of enchant weapon
 n - a scroll of enchant armour {unknown}
 o - 2 scrolls of remove curse {unknown}
 p - a scroll of teleportation {unknown}
Potions
 b - 2 potions of flight {unknown}
 h - a potion of agility
 i - a potion of heal wounds {unknown}
 j - a potion of curing
 m - a potion of invisibility {unknown}
Comestibles
 e - 8 rations {!d}
 g - 4 chunks of flesh


   Skills:
 + Level 4.1 Fighting
 + Level 3.8 Axes
 + Level 4.2 Armour
 + Level 1.1 Dodging
 + Level 0.5 Stealth
 + Level 3.6 Shields


You had 4 spell levels left.
You didn't know any spells.
Your spell library was empty.

Dungeon Overview and Level Annotations

Branches:
Dungeon (4/12)
 Temple: D:4-7

Altars:
Fedhas
Lugonu
Makhleb
Trog
Wu Jian
Xom
The Shining One

Annotations:
D:3 2 transporters


Innate Abilities, Weirdness & Mutations

You have large cloven feet.
Your movements are less encumbered by armour. (ER -4)


Message History

You completely miss the mummy. You kick the mummy!
You destroy the mummy!
You slash the kobold zombie!
You destroy the kobold zombie!
You slash the hobgoblin zombie!
You destroy the hobgoblin zombie!
Your chain mail prevents you from hitting the mummy.
Your kick misses the mummy.
Your shield prevents you from hitting the kobold zombie.
The kobold zombie hits you but does no damage.
You block the mummy's attack.
You slash the mummy!
The mummy is moderately damaged.
You closely miss the kobold zombie. You block the kobold zombie's attack.
The mummy hits you.
You die...
Xom reaches out...
You are now level 5!
You rejoin the land of the living...
Are you sure you want to abandon this character and quit the game? (Confirm with "yes".)

#### ##..##
...##.@..##....
................
...............
#..............
#+##........##+
##......##
##....## #....#
#....#


There were no monsters in sight!

Vanquished Creatures
  A howler monkey (D:4)
  2 crimson imps (D:3)
  A hound (D:4)
  3 orc wizards
  3 mummies (Ossuary)
  3 adders (D:3)
  2 oozes (D:2)
  An adder zombie (D:4)
  3 worms
  2 dart slugs
  7 leopard geckos
  3 orcs
  3 ball pythons
  14 giant cockroaches
  4 goblins
  8 hobgoblins
  3 jackals
  3 quokkas
  4 bats
  A frilled lizard (D:3)
  A gnoll zombie (Ossuary)
  3 hobgoblin zombies (Ossuary)
  8 kobolds
  A kobold zombie (Ossuary)
  2 orc zombies (Ossuary)
  7 rats
93 creatures vanquished.

Notes
Turn   | Place    | Note
-------+----------+-------------------------------------------
     0 | D:1      | galech the Demonspawn Fighter began the quest for the Orb.
     0 | D:1      | Reached XP level 1. HP: 18/18 MP: 1/1
   277 | D:1      | Gained mutation: You have large cloven feet. [demonic
                  | ancestry]
   277 | D:1      | Reached XP level 2. HP: 24/24 MP: 2/2
   723 | D:2      | Found an ornate altar of the Wu Jian Council.
   788 | D:2      | Reached XP level 3. HP: 24/29 MP: 3/3
  1451 | D:2      | Found a glowing golden altar of the Shining One.
  1568 | D:2      | Reached XP level 4. HP: 18/37 MP: 4/4
  1782 | D:3      | Found a transporter.
  1790 | D:3      | Found a transporter.
  1806 | D:3      | Gained mutation: Your movements are slightly less
                  | encumbered by armour. (ER -2) [demonic ancestry]
  1806 | D:3      | Reached XP level 5. HP: 34/42 MP: 5/5
  2023 | D:3      | Found a bloodstained altar of Trog.
  2025 | D:3      | Found a blossoming altar of Fedhas.
  2025 | D:3      | Noticed a yak
  2025 | D:3      | Noticed a troll
  2317 | D:3      | Reached skill level 1 in Dodging
  2461 | D:3      | Found a corrupted altar of Lugonu.
  2503 | D:3      | Found a shimmering altar of Xom.
  2503 | D:3      | Found a burning altar of Makhleb.
  2680 | D:4      | Gained mutation: Your movements are less encumbered by
                  | armour. (ER -4) [demonic ancestry]
  2680 | D:4      | Reached XP level 6. HP: 42/48 MP: 6/6
  2728 | D:4      | Found a sand-covered staircase.
  2763 | Ossuary  | Entered an ossuary
  2813 | Ossuary  | HP: 1/48 [mummy (11)]
  2825 | Ossuary  | Slain by a mummy
  2826 | Ossuary  | Reached XP level 5. HP: 0/42 MP: 5/5
  2826 | Ossuary  | Quit the game

Skill      XL: |  1  2  3  4  5 |
---------------+----------------+-----
Shields        | 3 |  3.6
Axes           | 2 3 |  3.8
Armour         | 3 4 |  4.2
Fighting       | 4 |  4.1
Dodging        | 1 |  1.1
Stealth        | |  0.5

Action                   |  1- 3 |  4- 6 || total
-------------------------+-------+-------++-------
Melee: War axe           |   131 |   161 ||   292
       Kick              |    19 |    37 ||    56
  Use: Scroll            |       |     3 ||     3
       Potion            |       |     3 ||     3
  Eat: Chunk             |     7 |    10 ||    17
Armor: Scale mail        |    78 |    31 ||   109
       Chain mail        |       |    99 ||    99
Dodge: Dodged            |    35 |    49 ||    84
Block: Medium shield     |    74 |    86 ||   160
